 Dungeon Crawl Stone Soup version 0.20-a0-739-g6bb112f (webtiles) character file.

13118 Ijustatesigmund the Basher (level 12, -4/73 HPs)
             Began as a Gargoyle Wizard on Feb 24, 2017.
             Was a Priest of Vehumet.
             Slain by Frances
             ... wielding a +0 dire flail
              (17 damage)
             ... on level 12 of the Dungeon.
             The game lasted 00:56:26 (14333 turns).

Ijustatesigmund the Basher (Gargoyle Wizard)       Turns: 14333, Time: 00:56:27

Health: -4/73      AC: 25    Str: 10    XL:     12   Next: 2%
Magic:  23/23      EV: 18    Int: 28    God:    Vehumet [***...]
Gold:   374        SH:  0    Dex: 11    Spells: 11/25 levels left

rFire    + + .     SeeInvis +   C - +7 great mace "Karhesops" {flame, +Fly rPois rF++ MR-}
rCold    + . .     Gourm    .   R - +2 leather armour of the Boiling Point {MR++ Dex-3}
rNeg     + . .     Faith    .   (shield currently unavailable)
rPois    ∞         Spirit   .   b - +1 hat {SInv}
rElec    +         Reflect  .   I - scarf {rC+}
rCorr    .         Harm     .   r - +1 pair of gloves
MR       +....                  o - +1 pair of boots
Stlth    ++........             (no amulet)
Regen    0.3/turn               k - +6 ring of protection
MPRegen  0.2/turn               D - +4 ring of intelligence

@: agile, silence
A: negative energy resistance 1, electricity resistance, unbreathing,
petrification resistance, rot immunity, AC +8
a: Renounce Religion, Evoke Flight


You were on level 12 of the Dungeon.
You worshipped Vehumet.
Vehumet was most pleased with you.
You were not hungry.

You visited 1 branch of the dungeon, and saw 12 of its levels.

You collected 676 gold pieces.
You spent 302 gold pieces at shops.

Inventory:

Hand Weapons
 z - a +3 flail of protection
 C - the +7 great mace "Karhesops" (weapon) {flame, +Fly rPois rF++ MR-}
   (You bought it in a shop on level 4 of the Dungeon)

   It has been specially enchanted to burn those struck by it, causing extra
   injury to most foes and up to half again as much damage against particularly
   susceptible opponents.
   It greatly protects you from fire.
   It protects you from poison.
   It affects your resistance to hostile enchantments.
   It lets you fly.
Missiles
 s - 7 javelins (quivered)
 w - 14 tomahawks of returning
Armour
 a - a +0 robe
 b - a +1 hat of see invisible (worn)
 o - a +1 pair of boots (worn)
 r - a +1 pair of gloves (worn)
 A - a +0 shield
 I - a scarf of cold resistance (worn)
 R - the +2 leather armour of the Boiling Point (worn) {MR++ Dex-3}
   (You found it on level 12 of the Dungeon)

   It affects your dexterity (-3).
   It affects your resistance to hostile enchantments.
 S - a +0 large shield
Jewellery
 g - an uncursed ring of protection from cold
 k - a +6 ring of protection (right hand)
 q - an uncursed ring of ice
 y - an uncursed ring of resist corrosion
 D - a +4 ring of intelligence (left hand)
Wands
 F - a wand of flame (16/48)
 J - a wand of polymorph (13/24)
 K - a wand of acid (5/15)
Scrolls
 j - 2 scrolls of teleportation
 l - 10 scrolls of remove curse
 m - 2 scrolls of fear
 u - 2 scrolls of amnesia
 B - 3 scrolls of identify
 G - a scroll of recharging
 M - a scroll of enchant weapon
 Q - a scroll of brand weapon {unknown}
Potions
 e - 3 potions of lignification
 f - 3 potions of flight
 h - a potion of curing
 n - 4 potions of brilliance
 t - a potion of agility
 v - a potion of magic
 O - a potion of berserk rage {unknown}
Books
 c - a book of Minor Magic

   Spells                             Type                      Level
   a - Magic Dart                     Conjuration                  1
   b - Blink                          Translocation                2
   c - Call Imp                       Summoning                    2
   d - Slow                           Hexes                        2
   e - Conjure Flame                  Conjuration/Fire             3
   f - Mephitic Cloud                 Conjuration/Poison/Air       3
 H - a book of Cantrips

   Spells                             Type                      Level
   a - Confusing Touch                Hexes                        1
   b - Animate Skeleton               Necromancy                   1
   c - Summon Small Mammal            Summoning                    1
   d - Apportation                    Translocation                1
 N - a book of Battle

   Spells                             Type                      Level
   a - Infusion                       Charms                       1
   b - Shroud of Golubria             Charms/Translocation         2
   c - Song of Slaying                Charms                       2
   d - Spectral Weapon                Hexes/Charms                 3
   e - Regeneration                   Charms/Necromancy            3
Comestibles
 d - 5 bread rations
 i - 5 royal jellies
 p - 6 meat rations
 E - 22 fruits


   Skills:
 - Level 8.0 Fighting
 - Level 11.0 Maces & Flails
 + Level 2.1 Armour
 - Level 5.3 Dodging
 - Level 2.1 Stealth
 - Level 7.4 Spellcasting
 - Level 9.3 Conjurations
   Level 0.8 Summonings
 - Level 0.8 Translocations
 - Level 2.3 Air Magic
 - Level 2.4 Poison Magic


You had 11 spell levels left.
You knew the following spells:

 Your Spells              Type           Power        Failure   Level  Hunger
a - Magic Dart            Conj           ####         1%          1    None
b - Blink                 Tloc           N/A          10%         2    None
c - Conjure Flame         Conj/Fire      #####...     1%          3    None
d - Mephitic Cloud        Conj/Pois/Air  #####...     1%          3    None
e - Apportation           Tloc           ###...       6%          1    None
f - Airstrike             Air            ###.......   8%          4    ##.....


Dungeon Overview and Level Annotations

Branches:
Dungeon (12/15)            Temple (0/1) D:7            Lair (0/6) D:8
    Orc (0/2) D:9

Altars:
Cheibriados
Dithmenos
Elyvilon
Gozag
Qazlal
Trog
Vehumet
The Shining One
Beogh

Shops:
D:4 (   D:6 *   D:7 !

Annotations:
D:10 Urug
D:12 Frances


Innate Abilities, Weirdness & Mutations

You are resistant to torment.
Your stone body is resilient. (AC +8)
You are immune to poison.
You resist negative energy. (rN+)
You are resistant to electric shocks. (rElec)
You can survive without breathing.
You are immune to petrification.
You are immune to rotting.


Message History

The sixfirhy hits you but does no damage.
The sixfirhy barely misses you. Frances hits you with a dire flail.
* * * LOW HITPOINT WARNING * * *
You feel agile all of a sudden. Frances hits you with a dire flail.
* * * LOW HITPOINT WARNING * * *
You bludgeon Frances!! You burn Frances.
Frances is lightly wounded.
Frances misses you. Frances hits you with a dire flail!
* * * LOW HITPOINT WARNING * * *
The sixfirhy misses you. The sixfirhy closely misses you.
The sixfirhy hits you but does no damage.
The sixfirhy completely misses you. The sixfirhy closely misses you.
The sixfirhy hits you but does no damage.
The sixfirhy closely misses you. The sixfirhy misses you. x2
The sixfirhy hits you but does no damage.
Frances hits you with a dire flail!
You die...

*,* ##.# ***#+******
#..#
*,,...,,,,*####'########
+,**#.#**,##...........#
*,,,*...*,#............#
*,**###.###............#
*,*,..#..^#.........<..#
***,#.###....4.........#
*,,,#.#....#.33@@>.....#
*,**#.#.#..#...........#
*,,,#...#.##...........#
****###'####...........#
##...# #########+###
#..### *,,,,* #@##
**,**** ####'### **,,*
....)..# *,,**


You could see Frances, a hellwing and 2 sixfirhies.

Vanquished Creatures
  Gastronok (D:10)
  Harold (D:10)
  A two-headed ogre (D:8)
  Nergalle (D:11)
  Pikel (D:6)
  A guardian serpent (D:12)
  Prince Ribbit (D:7)
  A hornet (D:7)
  3 hippogriffs
  10 yaks
  Grum (D:11)
  Edmund (D:5)
  6 orc warriors
  A porcupine (D:8)
  An eye of draining (D:10)
  2 sky beasts
  2 black bears (D:8)
  3 ice beasts
  4 ogres
  3 phantoms
  3 wolves (D:11)
  3 centaurs
  2 big kobolds
  11 bullfrogs
  3 scorpions
  13 killer bees
  3 wights
  2 jellies (D:9)
  A howler monkey (D:11)
  3 bullfrog zombies
  3 crimson imps
  A centaur zombie (D:6)
  A gnoll shaman (D:7)
  2 orc priests
  A hound (D:11)
  7 orc wizards
  5 centaur skeletons
  5 iguanas
  8 worker ants
  2 hound zombies
  A hound skeleton (D:9)
  A worker ant zombie (D:11)
  7 gnolls
  8 adders
  2 shadow imps
  5 oozes
  A worm (D:4)
  A dart slug (D:3)
  5 leopard geckos
  52 orcs
  14 bats
  10 giant cockroaches
  4 goblins
  5 hobgoblins
  10 jackals
  A quokka (D:8)
  4 ball pythons
  A ball python skeleton (D:4)
  5 frilled lizards
  A jackal zombie (D:5)
  7 kobolds
  3 leopard gecko skeletons
  A quokka skeleton (D:4)
  A quokka zombie (D:6)
  5 rats
279 creatures vanquished.

Vanquished Creatures (collateral kills)
  A hungry ghost (D:10)
1 creature vanquished.

Vanquished Creatures (others)
  A slave (D:7)
  A worker ant (D:7)
  A gnoll (D:7)
  2 fungi (D:8)
5 creatures vanquished.

Grand Total: 285 creatures vanquished

Notes
Turn   | Place    | Note
-------+----------+-------------------------------------------
     0 | D:1      | Ijustatesigmund the Gargoyle Wizard began the quest for the Orb.
     0 | D:1      | Reached XP level 1. HP: 10/10 MP: 4/4
   371 | D:1      | Reached XP level 2. HP: 15/15 MP: 0/6
   431 | D:1      | Learned a level 2 spell: Blink
   715 | D:1      | Reached XP level 3. HP: 19/19 MP: 2/7
  1744 | D:2      | Learned a level 3 spell: Conjure Flame
  1894 | D:2      | Reached XP level 4. HP: 24/24 MP: 4/8
  1971 | D:2      | Learned a level 3 spell: Mephitic Cloud
  2492 | D:3      | Found a bloodstained altar of Trog.
  2686 | D:3      | Reached skill level 1 in Air Magic
  2989 | D:3      | Reached skill level 1 in Poison Magic
  3197 | D:3      | Reached XP level 5. HP: 28/28 MP: 3/9
  3263 | D:3      | Found a stormy altar of Qazlal.
  3554 | D:4      | Noticed an ogre
  3565 | D:4      | Killed an ogre
  3832 | D:3      | Reached XP level 6. HP: 3/33 MP: 1/10
  4110 | D:3      | Reached skill level 1 in Fighting
  4110 | D:3      | Reached skill level 1 in Maces & Flails
  4576 | D:4      | Found Onleph's Antique Weapon Boutique.
  5125 | D:4      | Found a snail-covered altar of Cheibriados.
  5129 | D:4      | Reached skill level 2 in Maces & Flails
  5433 | D:4      | Reached XP level 7. HP: 24/40 MP: 1/11
  5525 | D:5      | Entered Level 5 of the Dungeon
  5680 | D:5      | Reached skill level 3 in Maces & Flails
  6153 | D:5      | Noticed Edmund
  6177 | D:5      | Killed Edmund
  6454 | D:6      | Reached skill level 4 in Maces & Flails
  6768 | D:6      | Reached XP level 8. HP: 16/48 MP: 3/13
  7034 | D:6      | Reached skill level 5 in Conjurations
  7066 | D:6      | Found Oddab's General Store.
  7565 | D:7      | Found Nuppu's Distillery.
  7694 | D:7      | Noticed a hippogriff
  7705 | D:7      | Killed a hippogriff
  7799 | D:7      | Noticed Pikel
  7835 | D:6      | Killed Pikel
  7835 | D:6      | Reached skill level 5 in Spellcasting
  7835 | D:6      | Reached XP level 9. HP: 37/52 MP: 0/17
  8107 | D:4      | Bought a bloodstained great mace for 218 gold pieces
  8107 | D:4      | Identified the +7 great mace "Karhesops" {flame, +Fly rPois rF++ MR-} (You bought it in a shop on level 4 of the Dungeon)
  8210 | D:7      | Noticed a hornet
  8222 | D:7      | Killed a hornet
  8530 | D:7      | Noticed Prince Ribbit
  8621 | D:7      | Killed Prince Ribbit
  8621 | D:7      | Reached skill level 5 in Maces & Flails
  8635 | D:7      | Found a radiant altar of Vehumet.
  8640 | D:7      | Became a worshipper of Vehumet
  8660 | D:7      | Found a staircase to the Ecumenical Temple.
  9099 | D:8      | Noticed a two-headed ogre
  9358 | D:8      | Killed a two-headed ogre
  9358 | D:8      | Reached skill level 6 in Maces & Flails
  9358 | D:8      | Reached XP level 10. HP: 57/57 MP: 12/20
  9598 | D:6      | Bought a scroll of teleportation for 36 gold pieces
  9598 | D:6      | Bought a scroll of identify for 24 gold pieces
  9598 | D:6      | Bought a scroll of identify for 24 gold pieces
  9765 | D:8      | Found a staircase to the Lair.
  9824 | D:8      | Found a shadowy altar of Dithmenos.
 10021 | D:8      | Reached skill level 5 in Fighting
 10052 | D:9      | Found a glowing golden altar of the Shining One.
 10178 | D:9      | Found an opulent altar of Gozag.
 10180 | D:9      | Found a white marble altar of Elyvilon.
 10196 | D:9      | Reached * piety under Vehumet
 10196 | D:9      | Offered knowledge of Sting by Vehumet.
 10234 | D:9      | Found a roughly hewn altar of Beogh.
 10291 | D:9      | Identified a scroll of acquirement
 10319 | D:9      | Found a staircase to the Orcish Mines.
 10340 | D:9      | Learned a level 1 spell: Apportation
 10766 | D:9      | Reached ** piety under Vehumet
 10798 | D:9      | Offered knowledge of Sandblast by Vehumet.
 10908 | D:10     | Entered Level 10 of the Dungeon
 11022 | D:10     | Noticed Harold
 11214 | D:10     | Noticed Gastronok
 11233 | D:11     | Noticed Nergalle
 11269 | D:11     | Killed Nergalle
 11269 | D:11     | Reached skill level 5 in Dodging
 11271 | D:11     | Reached XP level 11. HP: 34/68 MP: 18/21
 11505 | D:11     | Noticed Grum
 11517 | D:11     | Killed Grum
 11518 | D:11     | Reached skill level 7 in Maces & Flails
 11642 | D:10     | Killed Harold
 11938 | D:10     | Reached skill level 8 in Maces & Flails
 12057 | D:10     | Noticed Urug
 12532 | D:10     | Killed Gastronok
 12532 | D:10     | Reached skill level 9 in Maces & Flails
 12744 | D:10     | Reached skill level 10 in Maces & Flails
 12814 | D:10     | Offered knowledge of Throw Frost by Vehumet.
 13105 | D:11     | Reached *** piety under Vehumet
 13482 | D:11     | Offered knowledge of Airstrike by Vehumet.
 13482 | D:11     | Reached skill level 11 in Maces & Flails
 13489 | D:11     | Learned a level 4 spell: Airstrike
 14053 | D:12     | Got a distressingly furry leather armour
 14064 | D:12     | Identified the +2 leather armour of the Boiling Point {MR++ Dex-3} (You found it on level 12 of the Dungeon)
 14223 | D:12     | Reached XP level 12. HP: 73/73 MP: 10/23
 14308 | D:12     | Noticed Frances
 14333 | D:12     | Slain by Frances

Vault maps used:
D:1:      dpeg_arrival_long_road, minmay_tiny_reverse_x
D:2:      first_bread, minmay_tromino_v2
D:3:      overflow_temple_1_default, grunt_qazlal_clouds
D:4:      nicolae_overflow_crystal_walls, serial_shops, shop
D:5:      hangedman_decor_riveting, hangedman_abyss_or_decor_stagger,
          hangedman_abyss_or_decor_stabs, uniq_edmund
D:6:      serial_shops, shop_statue, grunt_decor_clamped
D:7:      lemuel_crystal_altar, minmay_temple_entry_large_hall, serial_shops,
          shop, uniq_prince_ribbit1, uniq_pikel
D:8:      marbit_many_paths, grunt_lair_entry_orc_guard_hut, blue_anna_alchemist
D:9:      tso_metal_star, nicolae_overflow_hidden_temple, david_orc_2,
          minmay_variable_closet
D:10:     uniq_gastronok, uniq_urug, uniq_harold
D:11:     uniq_nergalle, uniq_grum
D:12:     nrook_guardian_serpent_double, uniq_frances, uniq_rupert

Skill      XL: |  1  2  3  4  5  6  7  8  9 10 11 |
---------------+----------------------------------+-----
Conjurations   | 2 3 4 7 8 9 |  9.3
Air Magic      | 1 2 |  2.3
Poison Magic   | 1 2 |  2.4
Fighting       | 2 4 8 |  8.0
Maces & Flails | 2 4 6 11 | 11.0
Spellcasting   | 5 7 |  7.4
Dodging        | 5 |  5.3
Armour         | 2 |  2.1
Stealth        | |  2.1
Summonings     | |  0.8
Translocations | |  0.8

Action                   |  1- 3 |  4- 6 |  7- 9 | 10-12 || total
-------------------------+-------+-------+-------+-------++-------
Melee: Unarmed           |     4 |       |       |       ||     4
       Hand axe          |     4 |       |       |       ||     4
       Whip              |     6 |    47 |       |       ||    53
       Mace              |       |    19 |    25 |       ||    44
       Flail             |       |       |    37 |       ||    37
       Great mace        |       |       |    44 |   267 ||   311
Throw: Javelin           |       |     8 |    14 |    11 ||    33
       Tomahawk          |       |       |     6 |     1 ||     7
 Cast: Magic Dart        |    92 |   178 |   177 |   280 ||   727
       Mephitic Cloud    |       |     3 |    17 |    19 ||    39
       Blink             |       |       |     1 |     3 ||     4
       Conjure Flame     |       |       |     1 |     1 ||     2
Evoke: Wand              |       |       |       |     1 ||     1
  Use: Scroll            |     3 |    10 |     5 |    14 ||    32
       Potion            |       |     1 |     2 |     5 ||     8
 Stab: Invisible         |       |     1 |       |       ||     1
       Sleeping          |       |       |     1 |     3 ||     4
       Confused          |       |       |     1 |     5 ||     6
  Eat: Chunk             |     1 |    10 |    10 |    14 ||    35
       Royal jelly       |     1 |       |       |       ||     1
       Fruit             |       |     1 |     4 |     3 ||     8
Armor: Robe              |    18 |    35 |    47 |   239 ||   339
       Leather armour    |       |       |       |    15 ||    15
Dodge: Dodged            |    34 |    59 |    69 |   341 ||   503
